 Dungeon Crawl Stone Soup version 0.30.1-11-g7821555f0a (webtiles) character file.

Game seed: 16973226666772299825

41 Peloso the Covered (level 3, 36/36 HPs)
             Began as a Minotaur Fighter on Dec 12, 2023.
             Got out of the dungeon alive.
             The game lasted 00:01:31 (897 turns).

Peloso the Covered (Minotaur Fighter)                Turns: 897, Time: 00:01:31

Health: 36/36      AC:  7    Str: 20    XL:     3   Next: 32%
Magic:  2/2        EV:  9    Int:  5    God:
Gold:   61         SH:  4    Dex: 11    Spells: 2/2 levels left

rFire   . . .        a - +0 long sword
rCold   . . .        c - +0 buckler
rNeg    . . .        b - +0 scale mail
rPois   .            (helmet unavailable)
rElec   .            (no cloak)
rCorr   .            (no gloves)
SInv    .            (no boots)
Will    .....        (no amulet) Stlth
                     (no ring)
HPRegen 0.26/turn    (no ring)
MPRegen 0.08/turn

%: no passive effects
@: no status effects
A: horns 3, retaliatory headbutt, robust 1
a: no special abilities


You escaped.
You visited 1 branch of the dungeon, and saw 2 of its levels.

You collected 61 gold pieces.

Inventory:

Hand Weapons
 a - a +0 long sword (weapon)
Armour
 b - a +0 scale mail (worn)
 c - a +0 buckler (worn)
Scrolls
 g - 2 scrolls of poison {unknown}
 h - a scroll of identify {unknown}
 i - a scroll of immolation {unknown}
Potions
 d - a potion of might
 j - a potion of flight {unknown}


   Skills:
 + Level 4.0 Fighting
 + Level 3.1 Long Blades
 + Level 4.2 Armour
 + Level 0.1 Dodging
 + Level 4.0 Shields


You had 2 spell levels left.
You didn't know any spells.
Your spell library was empty.

Dungeon Overview and Level Annotations

Branches:
Dungeon (2/15)

Altars:


Innate Abilities, Weirdness & Mutations

You have a pair of large horns on your head.
You reflexively headbutt those who attack you in melee.
You are robust. (+10% HP)


Message History

The adder bites you but does no damage. The adder closely misses you.
You furiously retaliate!
You headbutt the adder! You barely miss the adder.
The adder is severely wounded.
The adder closely misses you.
You closely miss the adder.
The adder is severely wounded.
The adder bites you but does no damage. The adder barely misses you.
You barely miss the adder.
The adder is severely wounded.
The adder closely misses you. You furiously retaliate!
You headbutt the adder.
You kill the adder!
You see here an adder corpse.
It was a potion of curing.
You feel better.
It was a potion of mutation.
You feel extremely strange. The horns on your head grow some more.
You feel robust.
(D) Dungeon
Where to? (Enter - D:12, ? - help)
What level of the Dungeon? (default 1, ? - help)
A bat comes into view.
You can't go up here!
The bat hits you but does no damage.
There is a stone staircase leading up here.
You hit the bat but do no damage. The bat hits you but does no damage.
The bat closely misses you.
You hit the bat.
The bat is heavily wounded.
The bat barely misses you. x2
The bat hits you but does no damage. You block the bat's attack.
You hit the bat.
You kill the bat!
(D) Dungeon
Where to? (Enter - D:1 @ (x,y), ? - help)
There is a stone staircase leading up here.
You climb upwards.
There is a stone staircase leading down here.
There is a staircase leading out of the dungeon here.
Are you sure you want to leave the Dungeon?
This will make you lose the game!
You have escaped!

#...#.#.#.#.#.#.#.#........#
#.##...............##.#....#
#.#..........#......#......#
#.##.......#.......####....#
#.#......#....#.....# #....#
#.##...#....[......## ##...#
#.#..#...#.#.#.#....# ##..#
#.##...............## ##..
#.#.(.#..#.@.#..#...# ###
#.##...............#########
#.#....#.#.#.#...#..#.......
#.##...........#...##.##.###
#.#.....#....#......#.##~# #
#.##.......#.......##.##~# #
#.#......#..........#.##~# #
#.##...............##.#~~# #
#...#.#.#.#.#.#.#.#...#~~# #


There were no monsters in sight!

Vanquished Creatures
  An adder (D:2)
  A worm (D:2)
  2 giant cockroaches (D:1)
  3 goblins (D:1)
  7 hobgoblins
  2 jackals (D:1)
  A quokka (D:2)
  3 ball pythons
  3 bats
  A kobold (D:2)
  A rat (D:1)
25 creatures vanquished.

Notes
Turn   | Place    | Note
-------+----------+-------------------------------------------
     0 | D:1      | Peloso the Minotaur Fighter began the quest for the Orb.
     0 | D:1      | Reached XP level 1. HP: 19/19 MP: 0/0
   236 | D:1      | Reached XP level 2. HP: 25/27 MP: 1/1
   749 | D:2      | Reached XP level 3. HP: 30/33 MP: 2/2
   835 | D:2      | Gained mutation: You have a pair of large horns on your
                  | head. [potion of mutation]
   835 | D:2      | Gained mutation: You are robust. (+10% HP) [potion of
                  | mutation]
   897 | D:$      | Got out of the dungeon alive.

Illustrated notes

Levels and vault maps discovered:
D:1:      co_arrival_square_in_a_square_in_a_square, layout_basic,
          serial_rivers, chequers_serial_rivers_micro_b,
          chequers_serial_rivers_marsh, chequers_serial_rivers_micro_b,
          chequers_serial_rivers_micro_e, chequers_serial_rivers_micro_e,
          chequers_serial_rivers_large_b, grunt_decor_mini_mirrors
D:2:      layout_rooms, basic_altar

Skill      XL: |  1  2  3 |
---------------+----------+-----
Armour         | 4 |  4.2
Shields        | 4 |  4.0
Fighting       | 4 |  4.0
Long Blades    | 3 |  3.1
Dodging        | |  0.1

Action                     || total
---------------------------++-------
  Melee: Long sword        ||    81
         Headbutt          ||     9
    Use: Potion            ||     2
 Armour: Scale mail        ||    37
  Dodge: Dodged            ||    29
  Block: Buckler           ||    20
